AoeStats
← 长乐冠希

Nomad

509268118Analyzed
4v4 RM · 6d ago on Sep 26, 2026· 15m 48s· 8 players
Game mode
Random Map
Map size
231×231
Population
200
Speed
Normal
Resources
Standard
Victory
Conquest
Starting age
Dark Age
Ending age
Imperial Age
RankedLock teamsTeams togetherTeam positionsShared explorationLock speedFull tech treeHidden civsTurbo modeCheats
Victory
Defeat
🇺🇸 Danes · United States
1821
+8
🇻🇳 Varangians · Vietnam
1801
+9
🇺🇸 Burgundians · United States
1716
+12
🇻🇳 Dravidians · Vietnam
1705
+12
🇧🇷 Burmese · Brazil
1730
-14
🇺🇸 Spanish · United States
1621
-10
🇭🇰 Italians · Hong Kong SAR China
1609
-10
🇺🇸 Vietnamese · United States
1546
-7
legolas27
4:07 Loom
13:01 Feudal Age
15:04 Town Watch
16:01 Wheelbarrow
Mafioso_
4:53 Loom
14:04 Feudal Age
嗚
3:34 Loom
13:27 Feudal Age
17:12 Castle Age
15:12 Double-Bit Axe
16:07 Gold Mining
长乐冠希
4:28 Loom
14:14 Feudal Age
18:17 Castle Age
NaiLiu
8:43 Loom
12:24 Feudal Age
12:50 Double-Bit Axe
13:13 Town Watch
BB3097790
4:25 Loom
13:29 Feudal Age
17:18 Castle Age
15:28 Fishing Lines
VNS_Alibaba_
4:53 Loom
13:30 Feudal Age
17:04 Castle Age
15:10 Double-Bit Axe
16:24 Forging
DL-Empty
4:56 Loom
13:13 Feudal Age
17:09 Castle Age
15:35 Double-Bit Axe
15:35 Fishing Lines
Connection lost

Rejoining the realm…

Still unreachable

The connection could not be restored.

Session expired

The server has moved on; the page needs a fresh start.